 Dungeon Crawl Stone Soup version 0.23.2-40-g277498a (webtiles) character file.

Game seed: 4624162873590659337

81 CrazyJ the Conjurer (level 4, -5/35 HPs)
             Began as a Draconian Conjurer on Sept 9, 2019.
             Slain by a gnoll
             ... wielding a +0 whip
              (6 damage)
             ... on level 1 of the Dungeon.
             The game lasted 00:22:45 (2356 turns).

CrazyJ the Conjurer (Draconian Conjurer)            Turns: 2356, Time: 00:22:46

Health: -5/35      AC:  6    Str: 15    XL:     4   Next: 20%
Magic:  1/8        EV: 12    Int: 17    God:
Gold:   88         SH:  0    Dex: 11    Spells: 2/8 levels left

rFire    . . .     SeeInvis .   e - +1 whip
rCold    . . .     Gourm    .   (no shield)
rNeg     . . .     Faith    .   (armour unavailable)
rPois    .         Spirit   .   (helmet restricted)
rElec    .         Reflect  .   (no cloak)
rCorr    .         Harm     .   s - +0 pair of gloves
MR       .....                  (no boots)
Stlth    ++........             (no amulet)
HPRegen  0.11/turn              (no ring)
MPRegen  0.11/turn              (no ring)

@: mighty
A: unfitting armour, cold-blooded, AC +5
a: no special abilities


You were on level 1 of the Dungeon.
You were not hungry.

You visited 1 branch of the dungeon, and saw 2 of its levels.

You collected 88 gold pieces.

Inventory:

Hand Weapons
 d - a +0 hand axe
 e - a +1 whip (weapon)
 p - a +0 hunting sling
 q - a +0 whip
Missiles
 g - a throwing net
 j - 21 arrows
 m - 17 stones (quivered)
 o - 23 sling bullets
Armour
 s - a +0 pair of gloves (worn)
Scrolls
 a - a scroll of immolation {unknown}
 c - a scroll of identify
 f - 3 scrolls of remove curse
 h - a scroll of enchant armour
 i - a scroll of enchant weapon
 n - a scroll of noise {unknown}
 r - a scroll of teleportation {unknown}
Comestibles
 b - 3 rations
 l - 3 chunks of flesh


   Skills:
 + Level 1.4 Fighting
 - Level 0.1(0.6) Axes
 + Level 1.1 Maces & Flails
 + Level 2.2 Dodging
 - Level 1.7 Stealth
 * Level 2.9 Spellcasting
 + Level 4.3 Conjurations


You had 2 spell levels left.
You knew the following spells:

 Your Spells              Type           Power        Failure   Level  Hunger
a - Magic Dart            Conj           ###.         3%          1    #......
b - Searing Ray           Conj           ###...       4%          2    ##.....
c - Dazzling Spray        Conj/Hex       #.....       22%         3    ###....

Your spell library contained the following spells:

 Spells                   Type           Power        Failure   Level  Hunger
 Iskenderun's Mystic Bla  Conj           ###.....     28%         4    #####..
 Force Lance              Conj/Tloc      #.......     56%         4    #####..
 Fulminant Prism          Conj/Hex       #.........   56%         4    #####..


Dungeon Overview and Level Annotations

Branches:
Dungeon (2/15)

Altars:


Innate Abilities, Weirdness & Mutations

Your plain brown scales are hard. (AC +5)
You cannot fit into any form of body armour.
You are cold-blooded and may be slowed by cold attacks.


Message History

There is a stone staircase leading up here.
The gnoll hits you with a +0 whip!
* * * LOW HITPOINT WARNING * * *
You climb upwards.
There is a stone staircase leading down, spattered with blood here.
As you read the scroll labeled AHOETRA KIXOUSE, it crumbles to dust.
It is a scroll of identify.
h - a scroll of enchant armour The gnoll closely misses you.
As you read the scroll labeled QIM XACI SAI, it crumbles to dust.
You feel blessed for a moment.
It was a scroll of remove curse.
The gnoll hits you with a +0 whip.
* * * LOW HITPOINT WARNING * * *
As you read the scroll labeled AROGAJ VOEGAS, it crumbles to dust.
It is a scroll of enchant weapon.
Your +0 whip glows red for a moment.
The gnoll closely misses you.
It was a potion of might.
You feel very mighty all of a sudden. The gnoll hits you with a +0 whip.
You die...

#.##.###.........###
#.##................
#.##..##.........###
#.##.######...####
#.##.# #...# ###
#.##.## #...####..
#.#...######.....#.#
#.)..............#..
###@g.######..####.#
#...######..# #..
#...........####.#
#...######....##..
##.............#..
############..#..
#..#.. #..#.. #.##..


You could see a gnoll.

Vanquished Creatures
  A killer bee zombie (D:2)
  3 gnolls
  A worm (D:2)
  2 leopard geckos
  3 goblins
  5 hobgoblins
  3 jackals (D:2)
  4 bats (D:2)
  2 frilled lizards (D:2)
  4 kobolds (D:2)
  4 rats
32 creatures vanquished.

Notes
Turn   | Place    | Note
-------+----------+-------------------------------------------
     0 | D:1      | CrazyJ the Draconian Conjurer began the quest for the Orb.
     0 | D:1      | Reached XP level 1. HP: 14/14 MP: 3/3
   816 | D:1      | Reached XP level 2. HP: 20/20 MP: 3/5
   905 | D:1      | Learned a level 2 spell: Searing Ray
  1582 | D:2      | Reached XP level 3. HP: 27/27 MP: 4/6
  1626 | D:2      | Learned a level 3 spell: Dazzling Spray
  1767 | D:2      | Reached skill level 1 in Fighting
  1999 | D:2      | Reached skill level 1 in Maces & Flails
  1999 | D:2      | Reached XP level 4. HP: 6/35 MP: 1/8
  2354 | D:1      | HP: 1/35 [gnoll/+0 whip (3)]
  2356 | D:1      | Slain by a gnoll

Skill      XL: |  1  2  3 |
---------------+----------+-----
Dodging        | 2 |  2.2
Fighting       | 1 |  1.4
Maces & Flails | 1 |  1.1
Axes           | |  0.1
Stealth        | |  1.7
Spellcasting   | |  2.9
Conjurations   | |  4.3

Action                   |  1- 3 |  4- 6 || total
-------------------------+-------+-------++-------
Melee: Hand axe          |     5 |       ||     5
       Whip              |    36 |     7 ||    43
       Tailslap          |     2 |       ||     2
 Cast: Magic Dart        |    65 |     4 ||    69
       Searing Ray       |     3 |     4 ||     7
  Use: Potion            |     2 |     1 ||     3
       Scroll            |       |     3 ||     3
  Eat: Chunk             |     2 |       ||     2
       Ration            |     1 |       ||     1
Armor: Skin              |    18 |     1 ||    19
Dodge: Dodged            |    58 |    15 ||    73
